 Dungeon Crawl Stone Soup version 0.18.1-50-g88ac8fd (console) character file.

555 CALLOUS the Ducker (level 7, -2/59 HPs)
             Began as a Red Draconian Ice Elementalist on Sept 27, 2016.
             Was an Initiate of Ru.
             Slain by an adder (3 damage)
             ... on level 8 of the Dungeon.
             The game lasted 01:43:52 (5941 turns).

CALLOUS the Ducker (Red Draconian Ice Elementalist) Turns: 5941, Time: 01:43:53

Health: -2/59      AC:  6    Str: 10    XL:     7   Next: 8%
Magic:  10/10      EV: 14    Int: 18    God:    Ru [......]
Gold:   210        SH:  0    Dex: 11    Spells: 2 memorised, 7 levels left

rFire  + . .     SeeInvis .     A - +0 scimitar (flame)
rCold  . . .     Gourm    .     (armour unavailable)
rNeg   . . .     Faith    .     (no shield)
rPois  .         Spirit   .     (helmet restricted)
rElec  .         Dismiss  .     (no cloak)
rCorr  .         Reflect  .     (no gloves)
SustAt .         Harm     .     (no boots)
MR     .....                    (no amulet)
Stlth  ++........               (no ring)
                                (no ring)

@: not resistant to hostile enchantments, unstealthy
A: breathe fire, unfitting armour, fire resistance 1, cold-blooded, AC +6
a: Breathe Fire, Renounce Religion


You were on level 8 of the Dungeon.
You worshipped Ru.
Ru was noncommittal.
You were not hungry.

You visited 2 branches of the dungeon, and saw 8 of its levels.

You collected 210 gold pieces.

Inventory:

Hand Weapons
 a - a +1 dagger of venom
 b - a +0 shortbow
 n - a +0 short sword of speed
 x - a +3 vampiric dagger
 A - a +0 scimitar of flaming (weapon)
Missiles
 g - 77 stones (quivered)
 k - 52 sling bullets
 y - 29 arrows
 B - 24 bolts
Jewellery
 l - a +3 ring of intelligence {unknown}
 s - an uncursed ring of protection from fire {unknown}
Wands
 w - a wand of teleportation (1/9)
 D - a wand of acid (8/15)
Scrolls
 d - 4 scrolls of identify {unknown}
 h - 3 scrolls of remove curse {unknown}
 z - 2 scrolls of teleportation {unknown}
Potions
 c - a potion of flight
 i - a potion of curing
 j - a potion of might
 r - a potion of beneficial mutation {unknown}
 t - a potion of heal wounds {unknown}
 u - a potion of invisibility {unknown}
Books
 p - a book of Frost

   Spells                             Type                      Level
   a - Freeze                         Ice                          1
   b - Throw Frost                    Conjuration/Ice              2
   c - Ozocubu's Armour               Charms/Ice                   3
   d - Throw Icicle                   Conjuration/Ice              4
   e - Summon Ice Beast               Ice/Summoning                4
Comestibles
 f - 4 meat rations
 o - 3 beef jerkies
 q - a royal jelly
 C - 2 fruits
 E - 3 bread rations


   Skills:
 * Level 4.2 Fighting
 + Level 4.9 Dodging
 + Level 3.9 Stealth
 - Level 2.0 Spellcasting
 * Level 1.0 Conjurations
 - Level 2.4 Ice Magic
 * Level 0.2 Evocations


You had 7 spell levels left.
You knew the following spells:

 Your Spells              Type           Power        Failure   Level  Hunger
a - Freeze                Ice            ##..         10%         1    #......
b - Throw Frost           Conj/Ice       #.....       14%         2    ###....


Dungeon Overview and Level Annotations

Branches:
Dungeon (8/15)             Temple (1/1) D:4
   Lair: D:8-11

Altars:
Makhleb
Nemelex Xobeh
Okawaru
Ru
Sif Muna
Trog
Vehumet
Xom
Zin

Shops:
D:3 *

Annotations:
D:2 Jessica
D:3 exclusion: worm
D:4 exclusions: hound, iguana, orc and worm, Grinder
D:5 Sigmund
D:6 exclusions: adder, orc wizard and sky beast
D:8 exclusions: iguana and sky beast, blejac99's ghost, novice FeMo


Innate Abilities, Weirdness & Mutations

You can breathe blasts of fire.
Your fiery red scales are hard (AC +6).
Your body does not fit into most forms of armour.
Your flesh is heat resistant.
You are cold-blooded and may be slowed by cold attacks.


Message History

You closely miss blejac99's ghost.
Blejac99's ghost is severely damaged.
The quokka closely misses you. Blejac99's ghost hits you!
* * * LOW HITPOINT WARNING * * *
The quokka bites you but does no damage.
The quokka twitches its whiskers.
Blejac99's ghost hits you.
* * * LOW HITPOINT WARNING * * *
The quokka bites you but does no damage.
The quokka misses you. The adder bites you but does no damage.
You have got your breath back.
The adder barely misses you.
Press: ? - help, Shift-Dir - straight line, f/p - blejac99's ghost
Aim: blejac99's ghost (heavily damaged)
You fail to use your ability.
The quokka misses you. The adder closely misses you. Blejac99's ghost hits you!
* * * LOW HITPOINT WARNING * * *
The quokka bites you but does no damage.
The adder bites you.
You die...

#......................
#......................
#.....................Y
#.......!..............
###.................!....
..............###########
..............####
..([.............##
......##..........# ..S..
###......[.# ?S.ยง
#....._@.# ... #.....WSr#
.. #........# .
#.......## #########


You could see blejac99's ghost, an adder and a quokka.

Vanquished Creatures
  An ogre (D:6)
  A centaur (D:6)
  A scorpion (D:4)
  2 hounds
  3 worker ants
  A hound zombie (D:6)
  3 adders
  A shadow imp (D:6)
  8 oozes
  4 worms
  4 dart slugs
  3 giant geckos
  7 orcs
  6 giant cockroaches
  10 goblins
  9 hobgoblins
  5 jackals
  9 kobolds
  3 quokkas
  13 bats
  3 giant newts (D:3)
  12 rats
109 creatures vanquished.

Notes
Turn   | Place    | Note
--------------------------------------------------------------
     0 | D:1      | CALLOUS the Draconian Ice Elementalist began the quest for the Orb.
     0 | D:1      | Reached XP level 1. HP: 14/14 MP: 3/3
     1 | D:1      | Found a runed door.
   211 | D:1      | Reached skill level 1 in Fighting
   364 | D:1      | Reached XP level 2. HP: 23/23 MP: 0/5
  1130 | D:1      | Reached XP level 3. HP: 20/29 MP: 1/6
  1901 | D:2      | Reached XP level 4. HP: 37/37 MP: 7/7
  2133 | D:2      | Noticed Jessica
  2148 | D:2      | Found a sacrificial altar of Ru.
  2155 | D:2      | Became a worshipper of Ru the Awakened
  3208 | D:3      | Found an iron altar of Okawaru.
  3499 | D:3      | Found Zin's Purification Station.
  3505 | D:3      | Found a glowing silver altar of Zin.
  3520 | D:3      | Found a faded altar to an unknown god.
  3540 | D:3      | Reached XP level 5. HP: 38/42 MP: 4/8
  4247 | D:4      | Found a sparkling altar of Nemelex Xobeh.
  4304 | D:4      | Found a staircase to the Ecumenical Temple.
  4312 | Temple   | Entered the Ecumenical Temple
  4797 | D:4      | Reached XP level 6. HP: 46/51 MP: 9/9
  4937 | D:4      | Noticed Grinder
  4951 | D:5      | Entered Level 5 of the Dungeon
  4954 | D:5      | Noticed an orc warrior
  4985 | D:5      | Noticed Sigmund
  5193 | D:6      | Found a radiant altar of Vehumet.
  5237 | D:6      | Noticed a sky beast
  5548 | D:6      | Your scales start taking on a fiery red colour.
  5548 | D:6      | Reached XP level 7. HP: 16/59 MP: 6/10
  5548 | D:6      | Gained mutation: Your flesh is heat resistant. [Red Draconian growth]
  5563 | D:6      | Learned a level 2 spell: Throw Frost
  5905 | D:6      | You fall through a shaft for 2 floors!
  5909 | D:8      | Found a bloodstained altar of Trog.
  5919 | D:8      | Noticed blejac99's ghost (novice FeMo)
  5941 | D:8      | HP: 1/59 [blejac99's ghost (9)]
  5941 | D:8      | Slain by an adder

Skill      XL: |  1  2  3  4  5  6 |
---------------+-------------------+-----
Fighting       | 1 2 3 4 |  4.2
Stealth        | 2 3 |  3.9
Dodging        | 2 3 4 |  4.9
Ice Magic      | 2 |  2.4
Spellcasting   | |  2.0
Conjurations   | |  1.0
Evocations     | |  0.2

Action                   |  1- 3 |  4- 6 |  7- 9 || total
-------------------------+-------+-------+-------++-------
Melee: Unarmed           |   148 |       |       ||   148
       Tailslap          |     5 |    14 |     2 ||    21
       Short sword       |     3 |     6 |       ||     9
       Dagger            |       |   129 |     7 ||   136
       Scimitar          |       |     2 |    13 ||    15
 Fire: Shortbow          |       |     1 |     5 ||     6
Throw: Stone             |    46 |   188 |       ||   234
 Cast: Freeze            |    41 |    50 |     1 ||    92
Invok: Reject Sacrifices |       |     1 |       ||     1
 Abil: Breathe Fire      |       |       |     2 ||     2
Evoke: Wand              |       |     1 |       ||     1
  Use: Potion            |       |     2 |       ||     2
 Stab: Sleeping          |     2 |     5 |       ||     7
  Eat: Chunk             |     4 |    12 |     2 ||    18
Armor: Skin              |    78 |    42 |     7 ||   127
Dodge: Dodged            |   112 |   106 |    18 ||   236
